[Event "Late-Titled-Tuesday-Blitz-March-05-2024"]
[Site "Chess.com"]
[Date "2024.03.05"]
[Round "5"]
[White "LangesNasenhaar"]
[Black "GiorgianBarbosa"]
[Result "1-0"]
[WhiteElo "2530"]
[BlackElo "2415"]
[TimeControl "180+1"]
[EndTime "14:56:05 PST"]
[Termination "LangesNasenhaar won on time"]

1. d4 Nf6 2. Nf3 e6 3. g3 d5 4. Bg2 Be7 5. O-O O-O 6. c4 a5 7. Nc3 c6 8. Ne5 Nfd7 9. Bf4 Nxe5 10. Bxe5 Nd7 11. cxd5 Nxe5 12. dxe5 cxd5 13. e4 dxe4 14.
Nxe4 Bd7 15. Nd6 Bc6 16. Bxc6 bxc6 17. Qc2 Qb6 18. Nc4 Qc5 19. Rfd1 Rfd8 20. Rac1 Rxd1+ 21. Rxd1 Rd8 22. Rxd8+ Bxd8 23. Ne3 Qxc2 24. Nxc2 Bc7 25.
f4 f6 26. exf6 gxf6 27. Kf2 e5 28. f5 Kf7 29. Kf3 Ke7 30. Ke4 Bb6 31. Na3 a4 32. Nc4 Bd4 33. b3 axb3 34. axb3 h5 35. h3 Bf2 36. g4 hxg4 37. hxg4 Bd4 38. Na5 Kd6 39. Nb7+ Kc7 40. Na5 Kd6 41. Nc4+ Ke7 42. Nd2 Ba1 43. Nf3 Kd6 44. g5 fxg5 45. Nxg5 Bc3 46. Nf7+ Kc5 47.
Nxe5 Kd6 48. Nf3 Kc5 49. Ne5 Kd6 50. Nd3 Bf6 51. Nf4 Kc5 52. Nh5 Ba1 53. Kd3 Kd5 54.
f6 Ke6 55. Kc4 Kd6 56. f7 Ke7 57.
Kc5 Kxf7 58. Kxc6 Bc3 59. Nf4 Ke7 60. Nd5+ 1-0

[Event "Late-Titled-Tuesday-Blitz-March-05-2024"]
[Site "Chess.com"]
[Date "2024.03.05"]
[Round "5"]
[White "KuzubovYuriy"]
[Black "BabageldiAnnaberdiyev"]
[Result "1-0"]
[WhiteElo "2934"]
[BlackElo "2628"]
[TimeControl "180+1"]
[EndTime "14:56:13 PST"]
[Termination "KuzubovYuriy won on time"]

1. d4 e6 2. c4 f5 3. Nf3 Nf6 4. a3 d5 5. Bf4 c6 6. e3 Bd6 7. Nc3 O-O 8. Be2 a5 9. Qc2 Ne4 10. h4 Bxf4 11. exf4 Nd7 12. Rc1 Qe7 13. Nb1 Qd6 14. g3 Qe7 15. Kf1 Ndf6 16. Ne5 Nd7 17. Nd3 Ndf6 18. Kg2 Nd7 19. Rhe1 Qd6 20. Nd2 Re8 21.
Nf3 a4 22. Nfe5 Nf8 23. f3 Nf6 24. c5 Qe7 25. b4 axb3 26. Qxb3 N6d7 27. Ra1 Nxe5 28.
fxe5 g6 29. a4 Qc7 30. Qb4 Qa5 31. Reb1 Qxb4 32. Rxb4 Ra7 33. Rab1 Kf7 34. Nc1 Ke7 35. Nb3 Kd7 36. Kf2 Kc7 37. Ke3 h6 38. Rh1 Nh7 39. Bd3 Rf8 40. a5 Bd7 41. Ke2 Rfa8 42. g4 Rg8 43. Ke3 h5 44. gxh5 gxh5 45. Ra4 Rg2 46. Nc1 Ra8 47. Ne2 Be8 48. Rg1 Rxg1 49. Nxg1 Nf8 50. Kf4 Nh7 51. Nh3 Bf7 52. Ra1 Rg8 53. a6 bxa6 54. Rxa6 Kb7 55. Ra1 Rg2 56. Rb1+ Kc7 57.
Rg1 Rxg1 58. Nxg1 Kd7 59. Nh3 Ke7 60. Ng5 Nf8 61. Nh3 Nh7 62. Ba6 Be8 63. Bc8 Kf7 64. Ng5+ Nxg5 65. Kxg5 Ke7 66. f4 Bf7 67. Kh6 Be8 68. Kg7 Bf7 69. Bd7 1-0

[Event "Late-Titled-Tuesday-Blitz-March-05-2024"]
[Site "Chess.com"]
[Date "2024.03.05"]
[Round "5"]
[White "VinzentSpitzl"]
[Black "the_blue_pill"]
[Result "1-0"]
[WhiteElo "2549"]
[BlackElo "2414"]
[TimeControl "180+1"]
[EndTime "14:56:14 PST"]
[Termination "VinzentSpitzl won on time"]

1. e4 c5 2. Nf3 d6 3. d4 cxd4 4. Nxd4 Nf6 5. Nc3 g6 6. Be3 Bg7 7. f3 O-O 8. Qd2 Nc6 9. O-O-O d5 10. exd5 Nxd5 11. Nxc6 bxc6 12. Nxd5 cxd5 13. Qxd5 Qc7 14.
Qc5 Qb7 15. b3 Bf5 16. Bd3 Rfc8 17. Qa5 Rc3 18. Bxf5 Rxe3 19. Be4 Rxe4 20. Rd8+ Rxd8 21. Qxd8+ Bf8 22. fxe4 Qxe4 23. Qd2 Qe5 24. c3 h5 25.
Kb2 Bg7 26. h3 Bf6 27. Re1 Qc5 28. Qe3 Qc7 29. Rd1 Kg7 30. b4 Qb7 31. Rd2 Qxb4+ 32. Kc2 Qa4+ 33. Kc1 Qa3+ 34. Kc2 Qxa2+ 35. Kd3 Qb1+ 36.
Ke2 a5 37. c4 a4 38. c5 Qb5+ 39.
Kf2 Qc4 40. Rd1 Qc2+ 41. Rd2 Qc4 42. Rd1 a3 43. Rc1 Qh4+ 44. g3 Qxh3 45. c6 a2 46. c7 a1=Q 47. c8=Q Qxc8 48. Rxc8 Qb2+ 49. Qe2 Qd4+ 50.
Kf1 Qd7 51. Rc2 Qh3+ 52. Qg2 Qf5+ 53. Qf2 Qd3+ 54. Kg2 Qe4+ 55. Kf1 Qd3+ 56. Kg2 Qe4+ 57. Kf1 h4 58. Qg2 Qd3+ 59. Qe2 Qxg3 60. Qf2 Qh3+ 61. Ke2 Qg4+ 62. Qf3 Qe6+ 63. Kf1 1-0

[Event "Late-Titled-Tuesday-Blitz-March-05-2024"]
[Site "Chess.com"]
[Date "2024.03.05"]
[Round "5"]
[White "ATM622"]
[Black "Felix-Rose"]
[Result "1/2-1/2"]
[WhiteElo "2487"]
[BlackElo "2296"]
[TimeControl "180+1"]
[EndTime "14:56:15 PST"]
[Termination "Game drawn by repetition"]

1. d4 d5 2. c4 e6 3. Nf3 Nf6 4. g3 dxc4 5. Bg2 a6 6. a4 Nc6 7.
O-O Rb8 8. Ne5 Nxd4 9. Nxc4 Be7 10. Nc3 O-O 11. Be3 c5 12. Bf4 Ra8 13. a5 Nd7 14. e3 Nc6 15. Bd6 Nf6 16. Bxe7 Qxe7 17. Nb6 Rb8 18. Ne4 Rd8 19. Qc2 Nxe4 20. Bxe4 Nb4 21.
Qb1 g6 22. Rd1 Bd7 23. Qc1 Bc6 24. Bxc6 Nxc6 25. Qc3 Nb4 26. Qe5 Nd3 27. Qc3 Nb4 28. Qe5 Nc6 29. Qc3 Rxd1+ 30. Rxd1 Rd8 31. Rc1 h5 32. Qxc5 Qxc5 33. Rxc5 Rd1+ 34. Kg2 Rd2 35.
b4 Rb2 36. Rc1 Rxb4 37. Nd7 Nxa5 38. Rc8+ Kg7 39. f3 Rc4 40. Rb8 b5 41. e4 b4 42.
e5 b3 43. Nf6 Rc2+ 44. Kh3 g5 45. Rg8+ Kh6 46. Rh8+ Kg6 47. g4 hxg4+ 48. Kxg4 Rc4+ 49. Kg3 Rh4 50. Rb8 Kg7 51. Ng4 Rh8 52. Rb4 Rc8 53. Nf6 Rc2 54. Rb8 b2 55. Kg4 Rg2+ 56. Kh5 Rxh2+ 57. Kxg5 Rg2+ 58. Kh5 Rh2+ 59. Kg5 Rg2+ 60.
Kh5 Rh2+ 61. Kg5 1/2-1/2

[Event "Late-Titled-Tuesday-Blitz-March-05-2024"]
[Site "Chess.com"]
[Date "2024.03.05"]
[Round "5"]
[White "HamedWafa4"]
[Black "Road2GM3000"]
[Result "1-0"]
[WhiteElo "2736"]
[BlackElo "2497"]
[TimeControl "180+1"]
[EndTime "14:56:16 PST"]
[Termination "HamedWafa4 won on time"]

1. e4 c5 2. Nf3 d6 3. d4 cxd4 4.
Nxd4 Nf6 5. Nc3 a6 6. h3 e6 7.
g4 Be7 8. Bg2 Nfd7 9. Be3 O-O 10. O-O Qc7 11. a4 b6 12. f4 Bb7 13. g5 Nc6 14. h4 Nxd4 15. Bxd4 e5 16. fxe5 dxe5 17.
Bf2 Bc5 18. Qf3 Bxf2+ 19. Qxf2 Nc5 20. h5 Qd7 21. h6 Qd4 22. hxg7 Kxg7 23. Rad1 Qxf2+ 24. Kxf2 Rad8 25. Ke3 Bc6 26. b3 b5 27. axb5 axb5 28. Nd5 Ne6 29. Bh3 Nxg5 30. Bf5 Bd7 31. Rg1 h6 32. Ne7 Bxf5 33. Nxf5+ Kg6 34. c4 bxc4 35.
bxc4 Rxd1 36. Rxd1 Ra8 37. Rd6+ Ne6 38. c5 Ra3+ 39.
Kd2 Ra4 40. Kd3 Kg5 41. Rc6 Ra5 42. Kc4 Ra4+ 43. Kd5 Kf4 44. Rc8 Rxe4 45. Nxh6 Rd4+ 46. Kc6 Rc4 47. Kd6 Rxc5 48. Ra8 Rc1 49. Nxf7 Rd1+ 50.
Kxe6 e4 51. Ra4 Kf3 52. Ng5+ Kf4 53. Kf6 Re1 54. Ne6+ Kf3 55. Ng5+ Kf4 56. Rb4 Kg4 57. Nxe4 Rf1+ 58. Kg6 Ra1 59. Ng5+ Kg3 60. Kh5 Kf2 61.
Kg4 Ke3 62. Kf5 Kd3 63. Nf3 Ra5+ 64. Ne5+ Ke2 65. Ke4 Ra8 66. Rb2+ Kd1 67. Rh2 Ra3 68. Nd3 Ra4+ 69. Ke3 1-0

[Event "Late-Titled-Tuesday-Blitz-March-05-2024"]
[Site "Chess.com"]
[Date "2024.03.05"]
[Round "5"]
[White "TenisMaster"]
[Black "jinbojinbo"]
[Result "1-0"]
[WhiteElo "2876"]
[BlackElo "2637"]
[TimeControl "180+1"]
[EndTime "14:56:17 PST"]
[Termination "TenisMaster won by checkmate"]

1. e4 e5 2. Nf3 Nc6 3. Bb5 a6 4. Ba4 Nf6 5. O-O Be7 6. Re1 b5 7. Bb3 O-O 8. h3 Bb7 9. d3 d5 10. exd5 Nxd5 11. a4 Nd4 12. Nxd4 exd4 13. Nd2 Re8 14.
Ne4 Bb4 15. Bd2 Bxd2 16. Qxd2 Nf6 17. Qf4 Bxe4 18. dxe4 c5 19. e5 Nd5 20. Qe4 c4 21. Ba2 Nb4 22. Bb1 d3 23. axb5 dxc2 24. Bxc2 Nxc2 25.
Qxc2 axb5 26. Rad1 Qc7 27. Rd5 b4 28. Re4 Rac8 29. f4 h6 30. Kh2 Qc6 31. Rdd4 c3 32. Rxb4 cxb2 33. Qxb2 Qc2 34. Re2 Qxb2 35. Rexb2 Rc7 36.
g4 g5 37. Re2 gxf4 38. Rxf4 Kg7 39. Kg3 Rce7 40. Rf5 Re6 41. Kf4 Rc8 42. Re3 Rc4+ 43. Kg3 Rc5 44. Ref3 Re7 45. Re3 Rb5 46. h4 Ra5 47. h5 Rb5 48. Kh4 Ra5 49. Re4 Rb5 50. g5 hxg5+ 51. Kxg5 Rb1 52. h6+ Kh7 53. Kf6 Reb7 54. Rh5 Rg1 55. Kf5 Rg6 56. Reh4 Re7 57. Rh2 Rd7 58. Ra2 Rb7 59. Rd2 Ra7 60. Rd6 Rg1 61. Rh4 Rf1+ 62. Rf4 Rh1 63. Kg5 Rg1+ 64. Kf5 Rh1 65. Rg4 Rh5+ 66. Rg5 Rh4 67. Rg7+ Kh8 68. Rd8# 1-0

[Event "Late-Titled-Tuesday-Blitz-March-05-2024"]
[Site "Chess.com"]
[Date "2024.03.05"]
[Round "5"]
[White "guillembaches"]
[Black "kai_nov"]
[Result "1-0"]
[WhiteElo "2535"]
[BlackElo "2371"]
[TimeControl "180+1"]
[EndTime "14:56:17 PST"]
[Termination "guillembaches won by checkmate"]

1. Nf3 d5 2. d4 Nf6 3. c4 e6 4. cxd5 exd5 5. Qc2 c6 6. Nc3 Bd6 7. Bg5 O-O 8. h3 h6 9. Bd2 Re8 10. e3 Ne4 11. Nxe4 dxe4 12. Ng1 Nd7 13. Ne2 Nf6 14. Nc3 Qe7 15. Be2 Bd7 16. g4 c5 17.
d5 a6 18. Rg1 Qe5 19. O-O-O b5 20. h4 b4 21. g5 Nxd5 22. Nxd5 Qxd5 23. Bc4 Qe5 24.
gxh6 Be6 25. Rxg7+ Kh8 26. Rdg1 Bxc4 27. Qxc4 Re6 28.
Rxf7 Bf8 29. h7 Bh6 30. Re7 Rd8 31. Qxe6 Qxe6 32. Rxe6 Kxh7 33. Re7+ Kh8 34. Rg6 Bf8 35. Re5 Kh7 36. Rxa6 Bg7 37. Rxe4 c4 38. Ra7 c3 39.
Ree7 cxd2+ 40. Kd1 Kh8 41. Rxg7 b3 42. axb3 Rc8 43.
Rh7+ Kg8 44. Rag7+ Kf8 45. Rd7 Kg8 46. Rhe7 Ra8 47. Kxd2 Kh8 48. h5 Rc8 49. Rc7 Rd8+ 50. Red7 Re8 51. Ke2 Rb8 52. b4 Ra8 53. b5 Rb8 54. b6 Re8 55. b7 Kg8 56. b3 Rf8 57. b4 Rf7 58. Rxf7 Kh8 59. f3 Kg8 60. b5 Kh8 61. b6 Kg8 62. Rg7+ Kh8 63. Rh7+ Kg8 64. Rcg7+ Kf8 65. h6 Ke8 66. f4 Kd8 67. e4 Ke8 68. e5 Kf8 69. f5 Ke8 70. e6 Kd8 71. b8=Q# 1-0

[Event "Late-Titled-Tuesday-Blitz-March-05-2024"]
[Site "Chess.com"]
[Date "2024.03.05"]
[Round "5"]
[White "titomagno_64"]
[Black "N_Mullodzhanov"]
[Result "1-0"]
[WhiteElo "2316"]
[BlackElo "2498"]
[TimeControl "180+1"]
[EndTime "14:56:22 PST"]
[Termination "titomagno_64 won by checkmate"]

1. d4 Nf6 2. c4 g6 3. Nc3 Bg7 4. e4 d6 5. Nf3 O-O 6. Be2 e5 7. O-O Nc6 8. d5 Ne7 9. b4 Ne8 10. c5 f5 11. Nd2 a5 12. Ba3 f4 13.
Bg4 Bxg4 14. Qxg4 h5 15. Qe6+ Kh7 16. b5 g5 17. Qh3 Kg6 18. Rab1 b6 19. cxb6 cxb6 20.
Na4 Rc8 21. Rbc1 g4 22. Qd3 Nf6 23. Nc4 f3 24. g3 h4 25. Nxd6 Rxc1 26. Rxc1 hxg3 27.
fxg3 f2+ 28. Kg2 Rh8 29. Rf1 Rh3 30. Rxf2 Qh8 31. Kg1 Bh6 32. Nf5 Nxf5 33. exf5+ Kg7 34. Qe2 Qc8 35. Qc2 Qxc2 36. Rxc2 Be3+ 37. Kg2 Nxd5 38.
Bb2 Bd4 39. Bxd4 exd4 40. Rd2 Ne3+ 41. Kg1 Nxf5 42. Nxb6 Nd6 43. Rxd4 Nxb5 44. Rxg4+ Kf6 45. Ra4 Nc3 46. Rxa5 Ne2+ 47. Kg2 Rh8 48. Nd5+ Ke5 49. Nc3+ Kd4 50. Nxe2+ Ke3 51. Nf4 Rb8 52. Ra3+ Kd2 53. Rd3+ Ke1 54. Rf3 Rb2+ 55. Kh3 Rc2 56. Re3+ Kd1 57.
a4 Kc1 58. a5 Kb1 59. a6 Ra2 60. Re6 Ra5 61. Nd3 Kc2 62. Nb4+ Kb3 63. Nc6 Rh5+ 64.
Kg4 Rxh2 65. Nd4+ Kc4 66. a7 Ra2 67. Nc6 Kd5 68. Re8 Ra4+ 69. Kg5 Kxc6 70. a8=Q+ Rxa8 71. Rxa8 Kd5 72. Rf8 Ke6 73. Rf4 Ke5 74. Kg4 Ke6 75. Kf3 Ke7 76. g4 Ke6 77. g5 Ke7 78. g6 Ke6 79. g7 Ke5 80. g8=Q Kd6 81. Qe8 Kd5 82. Re4 Kc5 83. Qd7 Kb6 84. Qc8 Ka7 85. Qc3 Kb6 86.
Qc4 Ka5 87. Qb3 Ka6 88. Ra4# 1-0

[Event "Late-Titled-Tuesday-Blitz-March-05-2024"]
[Site "Chess.com"]
[Date "2024.03.05"]
[Round "5"]
[White "steepedgames"]
[Black "Nick12772"]
[Result "1-0"]
[WhiteElo "2540"]
[BlackElo "2399"]
[TimeControl "180+1"]
[EndTime "14:56:23 PST"]
[Termination "steepedgames won by resignation"]

1. d4 Nf6 2. Bg5 d5 3. Nf3 Nbd7 4. c4 c6 5. Nc3 g6 6. e3 Bg7 7. Bd3 O-O 8. O-O b6 9. Rc1 Bb7 10. cxd5 cxd5 11. Qa4 Ne4 12. Bh4 Nxc3 13. Rxc3 Nf6 14. Rfc1 Rc8 15. Rxc8 Bxc8 16. Qxa7 h6 17. Rc7 g5 18.
Bg3 Ne8 19. Rc1 Nd6 20. Qc7 Bg4 21. Bxd6 exd6 22. Qxd8 Rxd8 23. Nd2 Rd7 24. Bb5 Rb7 25. a4 Bd7 26. Bxd7 Rxd7 27. Rc6 Ra7 28. Rxd6 Rxa4 29. Rxb6 Ra1+ 30. Nf1 Rb1 31. g3 f5 32. Kg2 f4 33. gxf4 gxf4 34. Nd2 Rd1 35. Nf3 fxe3 36. fxe3 Rb1 37. b4 Kf7 38. b5 Bf6 39. Kg3 Kg6 40. Kf4 Rf1 41. Rd6 Kh5 42. Rxd5+ Bg5+ 43. Ke4 Kg4 44. Nxg5 hxg5 45. h3+ Kh4 46. b6 Rb1 47. Rd6 Kxh3 48. Kf5 g4 49. Rh6+ Kg3 50. Rg6 Kf3 51. e4 g3 52. d5 g2 53. e5 Rb4 54. d6 Rf4+ 55. Ke6 Rg4 56. Rxg4 Kxg4 57. d7 g1=Q 58.
d8=Q Qe3 59. Qc7 Kf3 60. Kd7 Qh6 61. e6 Qh3 62. Qd6 Qg4 63. Qc6+ Kg3 64. Kc7 Qg7+ 65. Qd7 Qc3+ 66. Kb7 Qf3+ 67. Qc6 Qf6 68. Qd6+ Kg4 69.
Qd7 Qf3+ 70. Kc8 Kg5 71. e7 Qa8+ 72. Kc7 Qg8 73. e8=Q Qxe8 74. Qxe8 Kf6 75. Qd7 Kg5 76. b7 Kf4 77. b8=Q 1-0

[Event "Late-Titled-Tuesday-Blitz-March-05-2024"]
[Site "Chess.com"]
[Date "2024.03.05"]
[Round "5"]
[White "crazyluzhinTh3"]
[Black "Abund"]
[Result "0-1"]
[WhiteElo "2563"]
[BlackElo "2800"]
[TimeControl "180+1"]
[EndTime "14:56:25 PST"]
[Termination "Abund won on time"]

1. e4 c6 2. d4 d5 3. e5 c5 4. dxc5 e6 5. Nf3 Nd7 6. a3 Bxc5 7. Bd3 Ne7 8. O-O Ng6 9. b4 Be7 10. Bb2 Nf4 11. Re1 Nxd3 12. Qxd3 O-O 13. Nbd2 a5 14.
b5 b6 15. Nd4 Bb7 16. Qg3 Qc7 17. Rac1 Rac8 18. c4 Nc5 19. Ba1 Qd7 20. Red1 Rc7 21.
h4 Rfc8 22. h5 Qe8 23. Nc6 Bxc6 24. bxc6 Rxc6 25. h6 g6 26. cxd5 exd5 27. Qf3 Ne6 28. Rb1 Bg5 29. Qxd5 Rd8 30. Qa2 Bxh6 31. Ne4 Bg7 32. Nd6 Qe7 33. Qd5 Rc5 34. Qb3 Bxe5 35. Bxe5 Rxe5 36. Qxb6 h5 37. Nc4 Rxd1+ 38. Rxd1 Rf5 39.
Nd6 Rf6 40. Qb8+ Kh7 41. Qb2 Ng5 42. Nc4 Re6 43. Ne3 Ne4 44. Nd5 Qg5 45. f3 Ng3 46. Qd2 Qe5 47. Nf4 Ne2+ 48. Nxe2 Qxe2 49. Qxe2 Rxe2 50.
Rd5 a4 51. Ra5 Kh6 52. Rxa4 Ra2 53. Ra7 f6 54. Kh2 Kg5 55. Ra8 Kf4 56. Rg8 g5 57. Rf8 Kf5 58. Ra8 Kf4 59. Ra4+ Kf5 60. Ra5+ Kg6 61.
Ra6 Ra1 62. a4 Kf5 63. Ra5+ Kf4 64. Ra6 f5 65. Rh6 h4 66. Ra6 Ke3 67. Rf6 Kf4 68. Ra6 g4 69. fxg4 fxg4 70. Rf6+ Kg5 0-1

[Event "Late-Titled-Tuesday-Blitz-March-05-2024"]
[Site "Chess.com"]
[Date "2024.03.05"]
[Round "5"]
[White "thesupera12"]
[Black "MaiqMaster"]
[Result "1/2-1/2"]
[WhiteElo "2490"]
[BlackElo "2327"]
[TimeControl "180+1"]
[EndTime "14:56:25 PST"]
[Termination "Game drawn by stalemate"]

1. d4 d5 2. Bg5 f6 3. Bf4 c5 4. c4 cxd4 5. cxd5 Qxd5 6. Nc3 Qa5 7. Qxd4 e5 8. Qe3 Bc5 9. Qe4 Ne7 10. Bd2 Qb6 11. e3 Bf5 12. Qa4+ Nbc6 13. Qb5 O-O 14. Bc4+ Kh8 15. Nge2 Qxb5 16. Bxb5 a6 17. Bxc6 Nxc6 18. O-O Rfd8 19. Bc1 b5 20. Ng3 Bd3 21. Rd1 b4 22.
Na4 Ba7 23. Re1 Rac8 24. b3 Ne7 25. e4 Rc2 26. Be3 Bxe3 27. Rxe3 Bb5 28. h4 Nc6 29. Nf5 Rdd2 30. Rf3 Be2 31. Rg3 g6 32. Ne3 Rxa2 33. Rc1 Bb5 34. Nd5 Rxf2 35. Rxc6 Bxc6 36. Nxb4 Bxe4 37. Nxa2 Rxa2 38. Kh2 Kg7 39. Nc3 Bb1 40. Nxa2 Bxa2 41. b4 Bc4 42. Rc3 Bb5 43. Rc7+ Kh6 44. g4 g5 45. Kg3 gxh4+ 46. Kxh4 Kg6 47. Re7 h6 48. Rb7 Bd3 49. Kg3 f5 50. Rb6+ Kg5 51. gxf5 Kxf5 52. Rxh6 e4 53. Kf2 Ke5 54. Ke3 Kd5 55.
Rb6 Kc4 56. Rb8 Kb3 57. Kd4 Ka4 58. Kc5 e3 59. Re8 e2 60. Re3 Bb5 61. Re5 Bd3 62. Re3 Bb5 63. Re5 Kb3 64. Re3+ Kc2 65. Kd4 Kd2 66. Rxe2+ Kxe2 67. Kc3 Ke3 68. Kb2 Kd4 69.
Ka1 Kc4 70. Kb1 Kb3 71. Ka1 Bd3 72. b5 a5 73. b6 Be4 74. b7 Bxb7 75. Kb1 a4 76. Ka1 a3 77. Kb1 Be4+ 78. Ka1 a2 1/2-1/2

[Event "Late-Titled-Tuesday-Blitz-March-05-2024"]
[Site "Chess.com"]
[Date "2024.03.05"]
[Round "5"]
[White "Smiechu"]
[Black "KerryStead"]
[Result "0-1"]
[WhiteElo "2333"]
[BlackElo "2067"]
[TimeControl "180+1"]
[EndTime "14:56:27 PST"]
[Termination "KerryStead won on time"]

1. e4 c6 2. d4 d5 3. Bd3 dxe4 4. Bxe4 Nf6 5. Bf3 Nbd7 6. Ne2 Nb6 7. O-O Bf5 8. b3 e6 9. c4 h6 10. Nbc3 a6 11. Re1 Be7 12. Ng3 Bg6 13. a4 O-O 14.
a5 Nbd7 15. d5 cxd5 16. cxd5 Nxd5 17. Nxd5 exd5 18. Qxd5 Nc5 19. Qxd8 Bxd8 20. Ba3 Nxb3 21. Bxf8 Nxa1 22. Bd6 Nc2 23. Re8+ Kh7 24. Bxb7 f6 25. Bxa8 Bxe8 26. Be4+ Bg6 27. Bxc2 Bxc2 28. Bb4 Kg6 29. f3 Bc7 30. Ne2 Be5 31. Kf2 Kf5 32. Ke3 Ke6 33. Kd2 Ba4 34. h3 Kd5 35. Bf8 f5 36. f4 Bf6 37. Ng3 Bd7 38. Kd3 Bb5+ 39. Kc2 Ke6 40. Kb3 Kf7 41. Bc5 g6 42. Nh1 Ke6 43. Nf2 Kd5 44.
Kb4 Bc3+ 45. Kxc3 Kxc5 46. g4 Be2 47. g5 hxg5 48. fxg5 Kb5 49. Kd2 Bc4 50. Nd1 Kxa5 51. Ne3 Be6 52. Kc3 Kb5 53. Ng2 Kc5 54. Nf4 Bf7 55.
Nd3+ Kd6 56. Kd4 a5 57. Nc5 Be8 58. h4 Bc6 59. Nd3 a4 60. Nf4 Be8 61. Nd3 a3 62.
Nb4 Bf7 63. Kc3 Ke5 64. Nd3+ Ke4 65. Nc5+ Kf3 66. Nd7 Kf4 67. Nf6 a2 68. Kb2 Kg3 69. h5 gxh5 0-1

[Event "Late-Titled-Tuesday-Blitz-March-05-2024"]
[Site "Chess.com"]
[Date "2024.03.05"]
[Round "5"]
[White "Bkmzzzzz"]
[Black "giovannibrandao7"]
[Result "1-0"]
[WhiteElo "2414"]
[BlackElo "2220"]
[TimeControl "180+1"]
[EndTime "14:56:29 PST"]
[Termination "Bkmzzzzz won by resignation"]

1. e4 c5 2. Nf3 d6 3. d4 cxd4 4.
Qxd4 Nc6 5. Bb5 Bd7 6. Qd3 Nf6 7.
Nc3 e6 8. Bg5 Be7 9. O-O-O a6 10.
Bxc6 Bxc6 11. Rhe1 h6 12. Bd2 Qc7 13. Nd4 b5 14. Nxc6 Qxc6 15. f3 Rc8 16. Kb1 Nd7 17. Bf4 Ne5 18. Bxe5 dxe5 19. Ne2 O-O 20. Nc1 a5 21. Rd2 a4 22. Qd7 Qc7 23. Red1 a3 24. Qxc7 Rxc7 25. Rd7 Rfc8 26. Rxc7 Rxc7 27. Nd3 axb2 28.
Kxb2 f6 29. Nc1 Kf7 30. Nb3 Ke8 31. Rd3 g5 32. h3 h5 33. Nc1 Bb4 34. Ne2 Ke7 35.
Kb3 Be1 36. Nc3 Rb7 37. Rd1 Bf2 38. Kb4 Rc7 39. Rd2 Be1 40. Rd3 Rc4+ 41. Kb3 Rc6 42. Re3 b4 43. Rxe1 bxc3 44. Re3 Rb6+ 45. Kxc3 Rb1 46. Re2 Kd6 47. Rd2+ Kc7 48. Kd3 Ra1 49. c3 Rb1 50. Kc4 Rb6 51. Kc5 Rc6+ 52. Kb4 Rb6+ 53. Kc4 Rc6+ 54. Kb3 Rb6+ 55. Kc2 Ra6 56. Kd3 Rd6+ 57. Ke3 Rc6 58. Rc2 Rc4 59. Kd3 Ra4 60. c4 Kc6 61. Kc3 Kc5 62. Kb3 Rb4+ 63. Kc3 Ra4 64.
Kd3 Rb4 65. Ke2 Ra4 66. Kf2 Rxc4 67. Rb2 Ra4 68. Kg3 Ra3 69. h4 gxh4+ 70. Kxh4 Re3 71. Kxh5 Kd4 72. Kg6 f5 73. exf5 exf5 74. Kxf5 1-0

[Event "Late-Titled-Tuesday-Blitz-March-05-2024"]
[Site "Chess.com"]
[Date "2024.03.05"]
[Round "5"]
[White "reevecanada"]
[Black "Vegan4future"]
[Result "1-0"]
[WhiteElo "2616"]
[BlackElo "2471"]
[TimeControl "180+1"]
[EndTime "14:56:32 PST"]
[Termination "reevecanada won on time"]

1. Nf3 Nf6 2. b3 g6 3. Bb2 Bg7 4. e4 d6 5. Nc3 e5 6. Be2 O-O 7. O-O Nc6 8. Re1 h6 9. Bf1 Bg4 10. h3 Be6 11. d4 exd4 12. Nxd4 Nxd4 13. Qxd4 Re8 14. Qd2 Qd7 15. Rad1 Rad8 16. Qc1 Nh5 17. e5 d5 18. Ne2 Qe7 19. g4 Qh4 20. gxh5 Bxh3 21.
Bxh3 Qxh3 22. hxg6 fxg6 23. Qf4 Rf8 24. Qg3 Qf5 25.
Nd4 Qh5 26. e6 Rde8 27. Kg2 c5 28. Rh1 Qg5 29. Nf3 Qxg3+ 30. Kxg3 Bxb2 31. Rxd5 Rxe6 32. Rxh6 b6 33. Ng5 Ref6 34. Rd3 Bc1 35. Rd5 Bxg5 36. Rxg5 Rxf2 37. Rhxg6+ Kh7 38. Rg7+ Kh6 39. R5g6+ Kh5 40.
Rg5+ Kh6 41. R7g6+ Kh7 42. Rg7+ Kh8 43. Rxa7 Rxc2 44.
Rh5+ Kg8 45. Rh6 b5 46. Rb6 b4 47. Rbb7 Rd8 48. Kf4 Rg2 49. Ke5 Rg6 50. Rc7 Rh6 51. Kf5 Kh8 52. Kg5 Rh2 53. Rxc5 Rg8+ 54. Kf6 Rf2+ 55. Ke6 Re8+ 56. Kd7 Rf7+ 57. Kxe8 Rxa7 58. Rc2 Kg7 59. Kd8 Kf6 60. Rc4 Rxa2 61. Rxb4 Ke6 62. Kc7 Kd5 63. Rb8 Kc5 64. b4+ Kc4 65. b5 Ra7+ 66. Kc6 Rh7 67. b6 Rh6+ 68. Kb7 Kb5 69. Ka7 Rh7+ 70. b7 Rh1 71. Rc8 Ra1+ 72. Kb8 Kb6 73. Rc3 Rh1 74. Rb3+ Ka6 75. Kc7 Rh7+ 76. Kc6 Rh6+ 77. Kd5 Rh5+ 78. Ke6 Rh6+ 79. Kf5 Rh5+ 80.
Kg6 1-0

[Event "Late-Titled-Tuesday-Blitz-March-05-2024"]
[Site "Chess.com"]
[Date "2024.03.05"]
[Round "5"]
[White "Onthequiet"]
[Black "AndresDelgado77"]
[Result "0-1"]
[WhiteElo "2418"]
[BlackElo "2303"]
[TimeControl "180+1"]
[EndTime "14:56:34 PST"]
[Termination "AndresDelgado77 won by resignation"]

1. d4 Nf6 2. Nf3 g6 3. Bg5 Ne4 4. Bh4 c5 5. c3 Qb6 6. Qb3 d6 7. e3 Nc6 8. d5 Na5 9. Qxb6 axb6 10. Nbd2 Nxd2 11. Nxd2 Bg7 12. Bb5+ Bd7 13. a4 e6 14. dxe6 fxe6 15. O-O Bc6 16. Rfd1 Kd7 17. Ne4 d5 18.
Nf6+ Bxf6 19. Bxf6 Rhf8 20. Be5 Bxb5 21. axb5 Nc4 22.
Bg7 Rxa1 23. Rxa1 Rg8 24. b3 Nd2 25. Be5 Nxb3 26. Ra7 Na5 27. h4 h6 28. Kh2 g5 29. h5 Rf8 30. f4 gxf4 31. Bxf4 Rf6 32. g4 e5 33. Bxe5 Re6 34. Bf4 Re4 35. Ra8 Nc4 36.
Bxh6 Rxg4 37. Bf4 Rh4+ 38. Kg3 Rxh5 39. Rb8 Rh1 40. Rxb7+ Ke6 41. Rc7 Rb1 42. Rc6+ Kf5 43. Rh6 Rxb5 44. Kf3 Nd2+ 45. Ke2 Ne4 46. Rh5+ Ke6 47.
Kd3 Nf2+ 48. Kc2 c4 49. Re5+ Kf6 50. Re8 Ne4 51. Rf8+ Ke6 52. Rd8 Kf5 53. Rd7 Kg4 54. Rf7 Kf3 55. Bh6+ Ke2 56. Rg7 Nf2 57. Rg2 Kf3 58.
Rg8 Ng4 59. Bf8 Nxe3+ 60. Kc1 Ke4 61. Bb4 Kd3 62. Rg3 d4 63. Bf8 dxc3 64. Bh6 Re5 65. Bf4 Re4 66. Bh6 b5 67. Rg6 b4 68. Rb6 b3 69. Rd6+ Rd4 70. Re6 b2+ 71. Kb1 Re4 72. Rd6+ Rd4 73. Re6 Nd5 74. Re1 Nb4 75. Rd1+ Ke4 76.
Re1+ Kd5 77. Re2 Rd3 78. Rxb2 cxb2 79. Kxb2 Rb3+ 80. Kc1 Ke4 81. Kd2 c3+ 82. Kc1 Rb2 83.
Bg7 Kd3 84. Bxc3 Kxc3 0-1

[Event "Late-Titled-Tuesday-Blitz-March-05-2024"]
[Site "Chess.com"]
[Date "2024.03.05"]
[Round "5"]
[White "Sajkochess"]
[Black "NtcPou"]
[Result "1/2-1/2"]
[WhiteElo "2329"]
[BlackElo "2019"]
[TimeControl "180+1"]
[EndTime "14:56:36 PST"]
[Termination "Game drawn - insufficient material"]

1. e4 c6 2. Nf3 d5 3. Nc3 Bg4 4. d4 e6 5. h3 Bxf3 6. Qxf3 Nf6 7. Be3 Bb4 8. Bd3 dxe4 9. Bxe4 Nxe4 10. Qxe4 Nd7 11. O-O Nf6 12. Qf3 O-O 13. Ne2 Nd5 14. c3 Bd6 15. Ng3 Qf6 16. Qg4 Bxg3 17. Qxg3 Rfd8 18.
Bg5 Qf5 19. Bxd8 Rxd8 20. Rac1 h6 21. Qe5 Qd3 22. Rfd1 Qg6 23. a3 Ne7 24. Re1 Nf5 25. Qf4 Ne7 26. Re3 Nd5 27. Qe4 Nxe3 28. Qxg6 fxg6 29.
fxe3 Kf7 30. Kf2 e5 31. Kf3 Ke6 32. Ke4 exd4 33. cxd4 Rf8 34. Kd3 Rf2 35. Rc2 Rf1 36. e4 g5 37. Ke3 Re1+ 38. Re2 Rd1 39. Rd2 Re1+ 40. Kd3 g6 41. Re2 Rd1+ 42. Kc4 Rc1+ 43. Kb4 Rf1 44. b3 h5 45. a4 g4 46. hxg4 hxg4 47.
a5 b6 48. axb6 axb6 49. Rc2 Kd6 50. Kc4 Rf4 51. Kd3 g3 52. Ke3 Rf1 53. b4 Rb1 54. Rc4 Rb2 55. Kf3 Rb3+ 56. Kg4 b5 57. Rc5 Rxb4 58. Rg5 Rxd4 59. Kf4 b4 60. Rxg6+ Kc5 61.
Rxg3 Kc4 62. Ke5 Rd3 63. Rg8 b3 64. Rb8 Kc3 65. Kf6 Rd4 66. Rxb3+ Kxb3 67. e5 c5 68. e6 Re4 69. g4 c4 70. g5 c3 71.
g6 c2 72. g7 c1=Q 73. g8=Q Qf1+ 74. Ke7 Rb4 75. Qg3+ Ka4 76. Qc7 Qc4 77. Qxc4 Rxc4 78. Kd8 Re4 79. e7 Rxe7 80. Kxe7 1/2-1/2